 Dungeon Crawl Stone Soup version 0.31-a0-162-gc4c5a43528 (webtiles) character file.

Game seed: 6605611006798337174

1101 qw the Chopper (level 8, -7/48 HPs)
             Began as a Gargoyle Fighter on June 12, 2023.
             Mangled by a troll (9 damage)
             ... on level 6 of the Dungeon.
             The game lasted 00:02:51 (4617 turns).

qw the Chopper (Gargoyle Fighter)                   Turns: 4617, Time: 00:02:51

Health: -7/48      AC: 12    Str: 22    XL:     8   Next: 32%
Magic:  8/8        EV:  9    Int:  9    God:
Gold:   255        SH:  9    Dex:  9    Spells: 7/7 levels left

rFire   . . .        Y - +0 war axe (flame)
rCold   . . .        m - +0 kite shield
rNeg    + . .        b - +0 scale mail
rPois   inf          (no helmet)
rElec   +            (no cloak)
rCorr   +            (no gloves)
SInv    .            (no boots)
Will    .....        (no amulet) Stlth
                     g - ring of resist corrosion
HPRegen 0.28/turn    (no ring)
MPRegen 0.11/turn

%: no passive effects
@: about to teleport
A: sickness immunity, AC +5, negative energy resistance 1, electricity
resistance, torment resistance 1, petrification resistance
a: no special abilities


You were on level 6 of the Dungeon.
You visited 1 branch of the dungeon, and saw 6 of its levels.
You also visited: Ossuary.

You collected 322 gold pieces.
You spent 67 gold pieces at shops.


Innate Abilities, Weirdness & Mutations

You are immune to sickness and miasma.
Your stone body is resilient. (AC +5)
You are immune to poison.
You resist negative energy. (rN+)
You are resistant to electric shocks. (rElec)
You are resistant to unholy torment.
You are immune to petrification.


   Skills:
 + Level 4.2 Fighting
 - Level 7.0 Axes
 - Level 3.2 Armour
 - Level 2.0 Dodging
 - Level 6.1 Shields


You had 7 spell levels left.
You didn't know any spells.
Your spell library was empty.

Inventory:

Hand Weapons
 Y - a +0 war axe of flaming (weapon)
Armour
 b - a +0 scale mail (worn)
 m - a +0 kite shield (worn)
Jewellery
 g - a ring of resist corrosion (left hand)
Scrolls
 e - a scroll of identify
 h - 3 scrolls of teleportation
 k - a scroll of enchant armour
Potions
 a - a potion of resistance
 c - a potion of invisibility {unknown}
 d - 3 potions of might
 f - a potion of haste
 i - a potion of mutation
 j - 4 potions of curing
 l - a potion of attraction
 o - a potion of enlightenment {unknown}
 p - a potion of heal wounds {unknown}
 q - a potion of brilliance {unknown}

Dungeon Overview and Level Annotations

Branches:
Dungeon (6/15)            Ossuary (visited)
 Temple: D:4-7

Altars:
Ashenzari

Shops:
D:2 ?   D:6 *


Message History

The black bear growls angrily.
You hit the gnoll. You burn the gnoll.
The gnoll is lightly wounded.
You hear a shout!
You block the gnoll's attack.
You slash the gnoll! You burn the gnoll.
You kill the gnoll!
You hear a shout!
A gnoll comes into view. It is wielding a +0 flail.
A troll comes into view.
You slash the troll! You burn the troll.
The troll is moderately wounded.
The troll bites you but does no damage. The troll claws you but does no damage.
The troll completely misses you. You block the troll's attack.
The troll claws you! The troll completely misses you.
You completely miss the troll.
The troll is moderately wounded.
The troll misses you. The troll barely misses you.
The troll completely misses you.
You hit the troll. You burn the troll.
The troll is moderately wounded.
You block the troll's attack. The troll barely misses you.
The troll claws you but does no damage.
You hit the troll but do no damage.
The troll is moderately wounded.
The troll bites you! The troll claws you but does no damage.
The troll claws you.
You hit the troll. You burn the troll.
The troll is heavily wounded.
The troll bites you! The troll claws you. The troll claws you!
The troll bites you! You block the troll's attack. The troll barely misses you.
4616 ||| READING 4 scrolls of teleportation.
As you read the scroll of teleportation, it crumbles to dust.
You feel strangely unstable. The troll closely misses you.
You block the troll's attack. The troll claws you but does no damage.
You hit the troll. You burn the troll.
The troll is heavily wounded.
The troll bites you!
You die...

# .. .## ##...# ###.....#
#.Tho.... ######## #@#
#......# #.# #......# #.#
#......# #.# #......# #.# #
#......#####.####.#
#.........##....#.#
#####.###.####....#.######.
#.)....####..###.#......


You could see a troll, a black bear and an orc.

Vanquished Creatures
  A water moccasin (D:5)
  An ogre (D:4)
  2 centaurs (D:6)
  A scorpion (D:5)
  A centaur zombie (Ossuary)
  2 gnoll boudas
  A hound (D:5)
  2 jellies
  An orc wizard (D:4)
  An iguana (D:6)
  A hound zombie (Ossuary)
  3 mummies (Ossuary)
  24 gnolls
  5 adders
  6 adder zombies (Ossuary)
  4 worms
  3 dart slugs
  9 orcs
  5 bats
  5 endoplasms
  3 giant cockroaches
  5 hobgoblins
  2 jackals (D:5)
  3 quokkas
  4 ball pythons
  4 frilled lizards
  2 gnoll zombies (Ossuary)
  A goblin (D:2)
  2 goblin zombies (Ossuary)
  4 hobgoblin zombies (Ossuary)
  5 jackal zombies (Ossuary)
  11 kobolds
  6 kobold zombies (Ossuary)
  3 orc zombies (Ossuary)
  3 quokka zombies (Ossuary)
  6 rats
  2 rat zombies (Ossuary)
144 creatures vanquished.

Notes
Turn   | Place    | Note
-------+----------+-------------------------------------------
     0 | D:1      | qw the Gargoyle Fighter began the quest for the Orb.
     0 | D:1      | Reached XP level 1. HP: 14/14 MP: 1/1
     0 | D:1      | 0 ||| qw: Version: 0.2-a-29-gc1b59c4
     0 | D:1      | 0 ||| qw: Game counter: 4306
     0 | D:1      | 0 ||| qw: Always use a shield: true
     0 | D:1      | 0 ||| qw: God list: Okawaru
     0 | D:1      | 0 ||| qw: Allow faded altars: false
     0 | D:1      | 0 ||| qw: Do Orc after D:15 true
     0 | D:1      | 0 ||| qw: Do second Lair branch before Depths: true
     0 | D:1      | 0 ||| qw: Lair rune preference: random
     0 | D:1      | 0 ||| qw: Plans: Normal, Zot:1-4, Slime:5, God:TSO, Crypt,
                  | Tomb, Abyss, Pan, Hells, Win
     0 | D:1      | 0 ||| PLANNING D:1-11
    31 | D:1      | Reached skill level 2 in Axes
    90 | D:1      | 90 ||| READING scroll labelled RIMIAD VOINAIMM.
   124 | D:1      | Reached XP level 2. HP: 19/19 MP: 2/2
   273 | D:1      | 273 ||| Stepping ~*~*~tactically~*~*~ (hiding).
   276 | D:1      | 276 ||| Stepping ~*~*~tactically~*~*~ (hiding).
   278 | D:1      | 278 ||| Stepping ~*~*~tactically~*~*~ (hiding).
   579 | D:1      | Found a faded altar of an unknown god.
   699 | D:1      | 699 ||| UPGRADING to ring of resist corrosion.
   700 | D:1      | 700 ||| READING 2 scrolls labelled URUIPL REORI.
   701 | D:1      | 701 ||| READING scroll labelled UCRODW KIEH.
   702 | D:1      | 702 ||| READING scroll labelled ZOYHUE MUCI.
   703 | D:1      | 703 ||| DROPPING +0 club.
   753 | D:2      | 753 ||| Stepping ~*~*~tactically~*~*~ (stealth).
   774 | D:2      | Reached skill level 3 in Axes
   779 | D:2      | 779 ||| Stepping ~*~*~tactically~*~*~ (stealth).
   795 | D:2      | Reached XP level 3. HP: 18/23 MP: 3/3
   811 | D:2      | 811 ||| Stepping ~*~*~tactically~*~*~ (stealth).
   842 | D:2      | 842 ||| FLEEEEING.
   845 | D:2      | 845 ||| FLEEEEING.
   858 | D:2      | 858 ||| Stepping ~*~*~tactically~*~*~ (stealth).
   859 | D:2      | 859 ||| Stepping ~*~*~tactically~*~*~ (stealth).
   860 | D:2      | 860 ||| Stepping ~*~*~tactically~*~*~ (stealth).
   970 | D:2      | 970 ||| Stepping ~*~*~tactically~*~*~ (stealth).
   971 | D:2      | 971 ||| Stepping ~*~*~tactically~*~*~ (stealth).
   973 | D:2      | 973 ||| Stepping ~*~*~tactically~*~*~ (stealth).
  1129 | D:2      | 1129 ||| Stepping ~*~*~tactically~*~*~ (stealth).
  1130 | D:2      | 1130 ||| Stepping ~*~*~tactically~*~*~ (stealth).
  1138 | D:2      | Reached XP level 4. HP: 28/28 MP: 4/4
  1167 | D:2      | 1167 ||| Stepping ~*~*~tactically~*~*~ (hiding).
  1234 | D:2      | Found Wassuzir's Magic Scroll Shoppe.
  1246 | D:2      | 1246 ||| BUYING scroll of identify (28 gold).
  1246 | D:2      | Bought a scroll of identify for 28 gold pieces
  1246 | D:2      | 1246 ||| SHOPLISTING scroll of identify (28 gold, have 18).
  1246 | D:2      | 1246 ||| SHOPLISTING scroll of teleportation (42 gold, have
                  | 18).
  1370 | D:2      | 1370 ||| READING scroll labelled HEOPREECOR.
  1374 | D:2      | 1374 ||| READING 2 scrolls labelled ILURUBEZOR.
  1375 | D:2      | 1375 ||| READING 3 scrolls of identify.
  1375 | D:2      | 1375 ||| IDENTIFYING smoky emerald potion
  1376 | D:2      | 1376 ||| READING 2 scrolls of identify.
  1376 | D:2      | 1376 ||| IDENTIFYING inky potion
  1377 | D:2      | 1377 ||| DROPPING scroll of blinking.
  1396 | D:3      | Reached skill level 4 in Axes
  1444 | D:3      | 1444 ||| Stepping ~*~*~tactically~*~*~ (hiding).
  1689 | D:3      | 1689 ||| Stepping ~*~*~tactically~*~*~ (hiding).
  2018 | D:3      | Reached XP level 5. HP: 32/32 MP: 5/5
  2338 | D:3      | 2338 ||| READING scroll labelled KOIPUO HEMPI.
  2339 | D:3      | 2339 ||| READING 3 scrolls of identify.
  2339 | D:3      | 2339 ||| IDENTIFYING fuming green potion
  2340 | D:3      | 2340 ||| READING 2 scrolls of identify.
  2340 | D:3      | 2340 ||| IDENTIFYING smoky inky potion
  2361 | D:4      | 2361 ||| PLANNING OSSUARY
  2387 | D:4      | 2387 ||| Stepping ~*~*~tactically~*~*~ (hiding).
  2392 | D:4      | Reached skill level 5 in Axes
  2447 | D:4      | Found a sand-covered staircase.
  2448 | D:4      | 2448 ||| UPGRADING to +0 kite shield.
  2458 | D:4      | 2458 ||| DROPPING +0 buckler.
  2467 | Ossuary  | Entered an ossuary
  2586 | Ossuary  | Reached XP level 6. HP: 37/37 MP: 6/6
  2823 | Ossuary  | 2823 ||| READING scroll labelled YCAINE PIPTALA.
  2824 | Ossuary  | 2824 ||| DRINKING 2 fizzy emerald potions.
  2928 | Ossuary  | 2928 ||| READING 2 scrolls of identify.
  2928 | Ossuary  | 2928 ||| IDENTIFYING orange potion
  2929 | Ossuary  | 2929 ||| DROPPING potion of degeneration.
  2930 | Ossuary  | 2930 ||| DROPPING potion of berserk rage.
  2934 | D:4      | 2934 ||| PLANNING D:1-11
  3158 | D:4      | Reached XP level 7. HP: 32/43 MP: 7/7
  3230 | D:4      | Found a broken altar of Ashenzari.
  3248 | D:4      | 3248 ||| Stepping ~*~*~tactically~*~*~ (hiding).
  3426 | D:4      | 3426 ||| Stepping ~*~*~tactically~*~*~ (hiding).
  3427 | D:4      | 3427 ||| Stepping ~*~*~tactically~*~*~ (hiding).
  3429 | D:4      | 3429 ||| Stepping ~*~*~tactically~*~*~ (hiding).
  3430 | D:4      | 3430 ||| Stepping ~*~*~tactically~*~*~ (hiding).
  3431 | D:4      | 3431 ||| Stepping ~*~*~tactically~*~*~ (hiding).
  3432 | D:4      | 3432 ||| Stepping ~*~*~tactically~*~*~ (hiding).
  3433 | D:4      | 3433 ||| Stepping ~*~*~tactically~*~*~ (hiding).
  3646 | D:4      | 3646 ||| READING scroll labelled ITHRUA ITTU MADICS.
  3654 | D:5      | Entered Level 5 of the Dungeon
  3760 | D:5      | 3760 ||| Stepping ~*~*~tactically~*~*~ (hiding).
  4012 | D:5      | Reached skill level 6 in Axes
  4088 | D:5      | Reached XP level 8. HP: 42/48 MP: 8/8
  4329 | D:5      | 4329 ||| READING scroll labelled ZUJOWNOGET.
  4330 | D:5      | 4330 ||| DRINKING 2 viscous orange potions.
  4331 | D:5      | 4331 ||| DRINKING 3 potions of curing.
  4331 | D:5      | 4331 ||| (to cure confusion)
  4332 | D:5      | 4332 ||| READING 2 scrolls of identify.
  4332 | D:5      | 4332 ||| IDENTIFYING purple potion
  4333 | D:5      | 4333 ||| DROPPING potion of ambrosia.
  4352 | D:6      | Found Fena's General Store.
  4356 | D:6      | Reached skill level 6 in Shields
  4359 | D:6      | 4359 ||| STAIRDANCE
  4410 | D:6      | 4410 ||| BUYING potion of curing (39 gold).
  4410 | D:6      | Bought a potion of curing for 39 gold pieces
  4424 | D:6      | Reached skill level 7 in Axes
  4609 | D:6      | Noticed a troll
  4615 | D:6      | HP: 12/48 [troll (7)]
  4615 | D:6      | HP: 2/48 [troll (10)]
  4616 | D:6      | 4616 ||| READING 4 scrolls of teleportation.
  4617 | D:6      | Mangled by a troll

Levels and vault maps discovered:
D:1:      erik_arrival_cave_to_civilisation [erik_arrival_cave_to_hall],
          layout_rooms, shapermc_ecumenical_altar_notcrosses
D:2:      layout_rooms, serial_shops, nicolae_shop_crystal,
          minmay_quadrilaterals
D:3:      layout_loops_ring, kennysheep_generic_room_10
D:4:      layout_cave_pools, evilmike_ruin_ashenzari,
          nicolae_ossuary_entry_monument
D:5:      layout_basic, lightli_corner_chamber
D:6:      layout_basic, mainiacjoe_overflow_tiny_flanked,
          worldfamousw_hep_ancestral_shrine, serial_shops,
          nicolae_shop_gibbet_a_chance

Skill      XL: |  1  2  3  4  5  6  7  8 |
---------------+-------------------------+-----
Axes           | 2 3 4 5 6 7 |  7.0
Shields        | 4 5 6 |  6.1
Fighting       | 4 |  4.2
Dodging        | 2 |  2.0
Armour         | |  3.2

Action                     |  1- 3 |  4- 6 |  7- 9 || total
---------------------------+-------+-------+-------++-------
  Melee: War axe           |    95 |   213 |   121 ||   429
  Throw: Boomerang         |     2 |       |       ||     2
    Use: Scroll            |     4 |     9 |     4 ||    17
         Potion            |       |     1 |     2 ||     3
 Armour: Scale mail        |    56 |    67 |    54 ||   177
  Dodge: Dodged            |    31 |    59 |    50 ||   140
  Block: Buckler           |    21 |    17 |       ||    38
         Kite shield       |       |    39 |    79 ||   118

Table legend:
 A = Non-vault XP
 B = Vault XP
 C = Vault XP percentage of total XP
 D = Non-vault monster count
 E = Vault monster count
 F = Vault count percentage of total count
                 A         B        C        D         E       F
            +---------+---------+-------+---------+---------+-------
      Total |    1378 |     196 |  12.5 |     100 |      44 |  30.6
            +---------+---------+-------+---------+---------+-------
        D:1 |      19 |       4 |  17.4 |      10 |       2 |  16.7
        D:2 |      61 |       8 |  11.6 |      20 |       3 |  13.0
        D:3 |     123 |       1 |   0.8 |      21 |       1 |   4.5
        D:4 |     351 |       0 |   0.0 |      24 |       0 |   0.0
        D:5 |     491 |       0 |   0.0 |      18 |       0 |   0.0
        D:6 |     333 |       0 |   0.0 |       7 |       0 |   0.0
    Ossuary |       0 |     183 | 100.0 |       0 |      38 | 100.0
            +---------+---------+-------+---------+---------+-------
